AoeStats
← AKX Is Undone

Nomad

510250351Analyzed
4v4 RM · 2d ago on Sep 30, 2026· 50m 45s· 8 players
Game mode
Random Map
Map size
231×231
Population
200
Speed
Normal
Resources
Standard
Victory
Conquest
Starting age
Dark Age
Ending age
Imperial Age
RankedLock teamsTeams togetherTeam positionsShared explorationLock speedFull tech treeHidden civsTurbo modeCheats
Victory
Defeat
🇭🇰 Varangians · Hong Kong SAR China
1006
+11
🇫🇮 Maya · Finland
937
+14
🇭🇰 Magyars · Hong Kong SAR China
937
+41
🇭🇰 Vietnamese · Hong Kong SAR China
905
+15
🇺🇸 Mongols · United States
967
-17
🇺🇸 Tupi · United States
889
-13
🇪🇸 Huns · Spain
847
-12
🇺🇸 Varangians · United States
845
-12
こちやさなえ
7:30 Loom
12:30 Loom
14:54 Feudal Age
20:20 Castle Age
18:29 Double-Bit Axe
21:11 Horse Collar
21:43 Bow Saw
21:15 Fishing Lines
23:16 Wheelbarrow
24:40 Medium Warships
30:43 Hand Cart
33:59 Imperial Age
32:31 Heavy Plow
35:11 Forging
35:07 Scale Barding Armor
37:28 Iron Casting
38:52 Conscription
38:39 Gold Mining
40:09 Blast Furnace
39:35 Chain Barding Armor
38:46 Elite Jarl
44:42 Stone Mining
46:19 Town Watch
47:24 Plate Barding Armor
48:55 Chemistry
48:00 Siege Engineers
48:18 Ballistics
48:14 Town Patrol
yanbb0916
16:44 Feudal Age
15:00 Loom
20:33 Double-Bit Axe
21:33 Fishing Lines
24:42 Castle Age
23:12 Fletching
26:13 Gillnets
27:33 Bow Saw
27:17 Stone Mining
27:18 Gold Mining
28:45 Wheelbarrow
29:34 Stone Shaft Mining
29:32 Hand Cart
36:05 Imperial Age
35:55 Town Watch
37:45 Hoardings
37:32 Paper Money
38:17 Two-Man Saw
38:19 Elite Rattan Archer
39:11 Bodkin Arrow
39:17 Padded Archer Armor
39:34 Town Patrol
39:57 Elite Rattan Archer
40:04 Elite Rattan Archer
42:13 Chemistry
41:35 Ballistics
40:56 Treadmill Crane
43:36 Masonry
43:22 Murder Holes
45:34 Bracer
45:49 Leather Archer Armor
46:35 Herbal Medicine
nanyan816
4:00 Loom
17:55 Feudal Age
20:43 Town Watch
Rölli
5:11 Loom
14:07 Feudal Age
14:57 Double-Bit Axe
14:57 Horse Collar
23:53 Castle Age
22:02 Fletching
22:21 Gold Mining
23:58 Padded Archer Armor
24:04 Crossbowman
24:57 Thumb Ring
26:11 Ballistics
25:18 Elite Skirmisher
26:02 Squires
28:42 Scale Mail Armor
29:08 Bodkin Arrow
29:59 Bow Saw
34:20 Hul'che Javelineers
38:25 Imperial Age
36:14 Pikeman
37:20 Forging
37:25 Leather Archer Armor
38:25 Chain Mail Armor
39:07 Bracer
41:24 Arbalester
42:29 Conscription
43:36 Chemistry
43:12 Ring Archer Armor
Po bear8617
4:55 Loom
7:01 Loom
15:47 Feudal Age
16:45 Double-Bit Axe
17:49 Gold Mining
19:04 Wheelbarrow
19:28 Horse Collar
22:24 Castle Age
22:40 Stone Mining
22:36 Man-at-Arms
23:03 Arson
25:48 Bow Saw
26:37 Medium Warships
27:57 Town Watch
39:01 Heavy Plow
42:46 Imperial Age
42:55 Forging
42:46 Scale Mail Armor
43:21 Fletching
43:32 Padded Archer Armor
47:23 Hand Cart
AKX Is Undone
5:54 Loom
13:30 Feudal Age
18:18 Arson
18:35 Double-Bit Axe
18:45 Horse Collar
22:49 Wheelbarrow
26:24 Castle Age
24:57 Fletching
25:11 Scale Mail Armor
25:26 Champi Runner
28:02 Hand Cart
31:51 Imperial Age
30:32 Stone Mining
31:02 Bow Saw
31:08 Guard Tower
33:40 Bodkin Arrow
34:39 Crossbowman
34:41 Elite Skirmisher
36:12 Conscription
37:35 Ballistics
37:43 Pikeman
38:25 Squires
42:48 Keep
42:26 Halberdier
XxMrKr0NiC420xX
8:53 Loom
14:37 Feudal Age
17:07 Double-Bit Axe
17:07 Horse Collar
27:17 Castle Age
25:51 Bloodlines
25:52 Scale Barding Armor
26:57 Forging
28:36 Chain Barding Armor
29:27 Heavy Plow
34:12 Light Cavalry
34:53 Husbandry
36:22 Gold Mining
36:23 Stone Mining
37:20 Elite Skirmisher
45:20 Iron Casting
45:07 Chain Barding Armor
47:23 Wheelbarrow
49:40 Imperial Age
DOLAR2305
4:14 Loom
18:31 Feudal Age
20:49 Wheelbarrow
20:06 Double-Bit Axe
20:15 Gold Mining
20:19 Stone Mining
20:55 Horse Collar
20:58 Fishing Lines
24:20 Castle Age
24:34 Forging
24:17 Fletching
24:28 Padded Archer Armor
26:51 Hand Cart
32:08 Bodkin Arrow
37:01 Forging
36:56 Scale Barding Armor
37:13 Husbandry
37:23 Bloodlines
40:07 Imperial Age
39:02 Iron Casting
38:48 Chain Barding Armor
38:36 Heavy Plow
40:20 Cavalier
42:05 Blast Furnace
41:41 Plate Barding Armor
41:37 Conscription
41:28 Marauders
42:30 Paladin
45:51 Light Cavalry
Connection lost

Rejoining the realm…

Still unreachable

The connection could not be restored.

Session expired

The server has moved on; the page needs a fresh start.